 Dungeon Crawl Stone Soup version 0.29-a0-872-g797fff5ad1 (webtiles) character file.

Game seed: 18410067884909158550

380 27snakeeyes612 the Cudgeller (level 7, 1/1 (60) HPs)
             Began as a Meteoran Cinder Acolyte on July 18, 2022.
             Was an Elder of Ignis.
             Tarried too long and was consumed by Zot
             ... on level 4 of the Dungeon on July 19, 2022.
             The game lasted 00:04:37 (3569 turns).

27snakeeyes612 the Cudgeller (MeCA)                 Turns: 3569, Time: 00:04:38

HP:   1/1 (60)      AC:  9    Str: 17    XL:     7   Next: 25%
MP:   14/14         EV:  6    Int: 17    God:    Ignis [****..]
Gold: 158           SH:  0    Dex:  9    Spells: 14/14 levels left

rFire   + . .      SeeInvis .   a - -1 mace (flame)
rCold   . . .      Faith    .   (no shield)
rNeg    . . .      Spirit   .   d - +0 chain mail
rPois   .          Reflect  .   (no helmet)
rElec   .          Harm     .   n - +0 cloak
rCorr   .          Rampage  .   (no gloves)
Will    +....      Archmagi +   (no boots)
Stlth   ..........              (no amulet)
HPRegen 0.01/turn               k - ring of the Mage {Wiz Archmagi}
MPRegen 0.14/turn               e - ring of willpower

@: glowing, extremely drained, bezotted and risking death
A: sense surroundings 1, otherworldly, glowing, explore regen
a: Renounce Religion, Fiery Armour, Foxfire Swarm


You were on level 4 of the Dungeon.
You worshipped Ignis.
Ignis was greatly pleased with you.
You visited 1 branch of the dungeon, and saw 5 of its levels.

You collected 158 gold pieces.

Inventory:

Hand Weapons
 a - a -1 mace of flaming (weapon)
Armour
 b - a +0 robe
 d - a +0 chain mail (worn)
 n - a +0 cloak (worn)
Jewellery
 e - a ring of willpower (right hand)
 h - a +4 ring of slaying
 k - the ring of the Mage (left hand) {Wiz Archmagi}
   (You found it on level 2 of the Dungeon)

   [ring of wizardry]

   It improves your spell success rate.
   Archmagi:  It increases the power of your magical spells.
Scrolls
 f - a scroll of vulnerability {unknown}
 g - 2 scrolls of fog {unknown}
 l - a scroll of summoning {unknown}
 m - a scroll of brand weapon {unknown}
 o - a scroll of identify {unknown}
Potions
 c - 2 potions of attraction
 i - 2 potions of degeneration {unknown}
 j - a potion of magic {unknown}


   Skills:
 + Level 4.9 Fighting
 + Level 5.9 Maces & Flails
 + Level 4.1 Spellcasting
 + Level 5.4 Fire Magic


You had 14 spell levels left.
You didn't know any spells.
Your spell library contained the following spells:

 Spells                   Type           Power      Damage    Failure   Level
 Scorch                   Fire           66%        2d8       19%         2
 Ensorcelled Hibernation  Hex/Ice        10%        N/A       83%         2
 Passwall                 Tmut/Erth      4%         N/A       83%         2
 Poisonous Vapours        Pois/Air       10%        N/A       83%         2
 Portal Projectile        Hex/Tloc       10%        N/A       96%         3
 Swiftness                Air            5%         N/A       96%         3
 Tukima's Dance           Hex            5%         N/A       96%         3
 Corpse Rot               Necr/Pois/Air  5%         N/A       100%        4
 Summon Lightning Spire   Summ/Air       5%         N/A       100%        4
 Blade Hands              Tmut           2%         N/A       100%        5
 Storm Form               Tmut/Air       2%         N/A       100%        7
 Maxwell's Capacitive Co  Air            2%         ∞         100%        8


Dungeon Overview and Level Annotations

Branches:
Dungeon (5/15) Zot: 0! Temple: D:4-7 You are so drained that the power of Zot will kill you!

Altars:

Shops:
D:1 *


Innate Abilities, Weirdness & Mutations

You passively map a small area around you.
You are easily found by Zot.
You glow in the dark.
You regain HP and MP as you explore.


Message History

[Y]es or [N]o only, please.
Really rest while Zot is near?
Okay, then.
Really rest while Zot is near?
You start waiting.
Zot draws nearer.
Dive deeper or flee this branch before you suffer!
Really rest while Zot is near?
You start waiting.
Zot has nearly found you.
Suffering is approaching.
Descend or flee this branch!
Really rest while Zot is near?
You start waiting.
Zot's power touches on you...
You feel drained.
You start waiting.
Done waiting.
As you open the door, it creaks loudly!
You have lingered too long.
Zot senses you.
Dive deeper or flee this branch before you suffer!
Really rest while Zot is near?
You start waiting.
Zot draws nearer.
Dive deeper or flee this branch before you suffer!
There is an open door here.
Really rest while Zot is near?
You start waiting.
Zot has nearly found you.
Suffering is approaching.
Descend or flee this branch!
Really rest while Zot is near?
You start waiting.
Zot's power touches on you...
You feel drained.
You start waiting.
You have lingered too long.
Zot senses you.
Dive deeper or flee this branch before you perish!
Really rest while Zot is near?
You start waiting.
Zot draws nearer.
Dive deeper or flee this branch before you perish!
Really rest while Zot is near?
You start waiting.
Zot has nearly found you.
Death is approaching.
Descend or flee this branch!
Really rest while Zot is near?
You start waiting.
Zot excises you from existence.
You die...

* * * ,* *, #, * *.#.
###+#.#.# , * *
#.....#.# , , , **, *
*##.....#.# , <
.........## * *
#######........#########
#.....'@.......'........
#.#####........#########
#........# * ###
#........# #..
###.)...## * #.. #))...#
#.. .........+ +.. *
####.....## *#.. #.....#
, #..


There were no monsters in sight!

Vanquished Creatures
  Menkaure (D:4)
  A scorpion (D:4)
  An iguana (D:5)
  2 orc wizards (D:4)
  Robin (D:2)
  5 adders
  2 dart slugs
  3 orcs (D:4)
  4 bats
  3 endoplasms
  5 giant cockroaches
  10 goblins
  4 hobgoblins
  2 jackals (D:2)
  7 ball pythons
  3 frilled lizards
  6 kobolds
  9 rats
69 creatures vanquished.

Notes
Turn   | Place    | Note
-------+----------+-------------------------------------------
     0 | D:1      | 27snakeeyes612 the Meteoran Cinder Acolyte began the quest
                  | for the Orb.
     0 | D:1      | Reached XP level 1. HP: 19/19 MP: 3/3
    98 | D:1      | Reached XP level 2. HP: 26/26 MP: 3/5
   137 | D:1      | Reached XP level 3. HP: 4/31 MP: 5/7
   166 | D:1      | Found Pilul's Assorted Antiques.
   312 | D:1      | Found a faded altar of an unknown god.
   441 | D:2      | Reached XP level 4. HP: 40/40 MP: 8/8
   519 | D:2      | Noticed Robin
   664 | D:2      | Found the ring of the Mage {Wiz Archmagi}
   760 | D:2      | Reached XP level 5. HP: 15/46 MP: 10/10
   769 | D:2      | Killed Robin
  1009 | D:3      | Reached skill level 5 in Maces & Flails
  1056 | D:3      | You fall into a shaft and drop 2 floors!
  1056 | D:5      | Entered Level 5 of the Dungeon
  1267 | D:4      | Reached XP level 6. HP: 18/53 MP: 10/12
  1333 | D:4      | Noticed Menkaure
  1341 | D:4      | Killed Menkaure
  1342 | D:4      | Reached skill level 5 in Fire Magic
  1342 | D:4      | Reached XP level 7. HP: 23/60 MP: 13/13
  2869 | D:4      | Glimpsed the power of Zot.
  2919 | D:4      | Glimpsed the power of Zot.
  2959 | D:4      | Glimpsed the power of Zot.
  2969 | D:4      | Touched by the power of Zot.
  3070 | D:4      | Glimpsed the power of Zot.
  3120 | D:4      | Glimpsed the power of Zot.
  3160 | D:4      | Glimpsed the power of Zot.
  3169 | D:4      | Touched by the power of Zot.
  3270 | D:4      | Glimpsed the power of Zot.
  3320 | D:4      | Glimpsed the power of Zot.
  3360 | D:4      | Glimpsed the power of Zot.
  3369 | D:4      | Touched by the power of Zot.
  3470 | D:4      | Glimpsed the power of Zot.
  3520 | D:4      | Glimpsed the power of Zot.
  3560 | D:4      | Glimpsed the power of Zot.
  3569 | D:4      | Tarried too long and was consumed by Zot

Illustrated notes

Levels and vault maps discovered:
D:1:      wander_arrival_chamber, layout_rooms, basic_ecumenical_altar,
          serial_shops, nicolae_shop_statue_plus
D:2:      layout_rooms, uniq_robin
D:3:      layout_loops_ring, trog_book
D:4:      layout_basic, minivault_23, nicolae_zen_rock_garden, uniq_menkaure
D:5:      layout_basic, abandoned_shop, serial_bayou_pond_e

Skill      XL: |  1  2  3  4  5  6  7 |
---------------+----------------------+-----
Spellcasting   | 2 3 4 |  4.1
Fire Magic     | 4 5 |  5.4
Fighting       | 4 |  4.9
Maces & Flails | 5 |  5.9

Action                   |  1- 3 |  4- 6 |  7- 9 || total
-------------------------+-------+-------+-------++-------
Melee: Mace              |    68 |   108 |    10 ||   186
Invok: Fiery Armour      |     1 |     2 |       ||     3
       Foxfire Swarm     |       |     1 |       ||     1
       Rising Flame      |       |     1 |       ||     1
  Use: Potion            |       |     2 |       ||     2
Armor: Chain mail        |    73 |    99 |     7 ||   179
Dodge: Dodged            |    25 |    37 |     3 ||    65

Table legend: (Time is in decaauts)
 A = Elapsed time spent in this place.
 B = Non-inter-level travel time spent in this place.
 C = Inter-level travel time spent in this place.
 D = Time resting spent in this place.
 E = Time spent auto-exploring this place.
 F = Levels seen in this place.
 G = Mean time per level.
                   A        B        C        D        E       F      G
               +--------+--------+--------+--------+--------+-----+--------+
         Total |   3599 |   3548 |     51 |   2151 |    796 |   5 |  719.8 |
       Dungeon |   3599 |   3548 |     51 |   2151 |    796 |   5 |  719.8 |
               +--------+--------+--------+--------+--------+-----+--------+

Top non-repeatable levels by time:
     D:4: 2470 daAuts
     D:2: 540 daAuts
     D:1: 479 daAuts
     D:3: 63 daAuts
     D:5: 46 daAuts
